 Dungeon Crawl Stone Soup version 0.26.1-10-gdfb7c7de75 (webtiles) character file.

Game seed: 9590375241682416785

184 manyhoops the Skirmisher (level 5, -4/51 HPs)
             Began as a Palentonga Transmuter on Apr 3, 2021.
             Slain by a scorpion (8 damage)
             ... on level 4 of the Dungeon.
             The game lasted 00:05:59 (3403 turns).

manyhoops the Skirmisher (Palentonga Transmuter)    Turns: 3403, Time: 00:06:01

Health: -4/51      AC:  5    Str: 11 (14) XL:     5   Next: 36%
Magic:  0/17       EV: 10    Int: 12 (13) God:
Gold:   182        SH:  0    Dex: 10 (11) Spells: 7/8 levels left

rFire    . . .     SeeInvis +     - Unarmed
rCold    . . .     Faith    .   (no shield)
rNeg     . . .     Spirit   +   a - +0 robe
rPois    +         Reflect  .   i - +0 helmet
rElec    .         Harm     .   p - scarf {shadows}
rCorr    .         Rampage  .   (no gloves)
Will     .....                  (no barding)
Stlth    +.........             b - amulet of guardian spirit
HPRegen  0.17/turn              d - ring of magical power
MPRegen  0.15/turn              k - ring of poison resistance

@: lethally poisoned (-4 -> -11), hasted, very quick
A: large, rugged brown scales 3, see invisible, deformed body, roll 1, armoured
tail
a: Rolling Charge


You were on level 4 of the Dungeon.
You visited 1 branch of the dungeon, and saw 4 of its levels.

You collected 182 gold pieces.

Inventory:

Armour
 a - a +0 robe (worn)
 i - a +0 helmet (worn)
 p - a scarf of shadows (worn)
Jewellery
 b - an amulet of guardian spirit (around neck)
 d - a ring of magical power (left hand)
 f - an uncursed amulet of faith
 j - an uncursed amulet of reflection
 k - a ring of poison resistance (right hand)
Scrolls
 c - a scroll of fear
 e - 3 scrolls of remove curse
 m - a scroll of immolation
 n - 2 scrolls of enchant armour {unknown}
Potions
 g - a potion of flight {unknown}
 o - a potion of haste
 q - a potion of might
 s - a potion of curing {unknown}


   Skills:
 - Level 5.1 Fighting
 - Level 1.5 Dodging
 + Level 3.3 Unarmed Combat
 - Level 2.0 Spellcasting
 - Level 2.0 Transmutations


You had 7 spell levels left.
You knew the following spells:

 Your Spells              Type           Power        Failure   Level
a - Beastly Appendage     Tmut           6%           12%         1

Your spell library contained the following spells:

 Spells                   Type           Power        Failure   Level
 Wereblood                Tmut           3%           19%         2
 Spider Form              Tmut/Pois      0%           47%         3
 Ice Form                 Ice/Tmut       1%           87%         4
 Blade Hands              Tmut           1%           97%         5


Dungeon Overview and Level Annotations

Branches:
Dungeon (4/15)
 Temple: D:4-7

Altars:
Elyvilon
Okawaru
Ru
Uskayaw
Wu Jian

Annotations:
D:3 Sigmund


Innate Abilities, Weirdness & Mutations

You are completely covered in rugged brown scales. (AC +3, +7% HP)
You have supernaturally acute eyesight. (SInv)
Armour fits poorly on your strangely shaped body.
You can roll at nearby foes to attack.
You have a long armoured tail.


Message History

The scorpion stings you.
* * * LOW HITPOINT WARNING * * *
The leopard gecko closely misses you. The hound barely misses you.
The orc misses you.
You barely miss the scorpion.
The scorpion is almost dead.
The scorpion stings you!
* * * LOW HITPOINT WARNING * * *
You are lethally poisoned!
The scorpion poisons you!
The leopard gecko bites you but does no damage.
The hound bites you.
It was a potion of degeneration.
There was something very wrong with that liquid.
You feel weakened.
You feel dopey.
You feel clumsy.
* * * LOW HITPOINT WARNING * * *
You feel sick. The orc hits you but does no damage.
The leopard gecko misses you. The hound bites you but does no damage.
The scorpion stings you!
You die...

.............
.............
....>........
.............
.............
<..$..sl.....
#.....@......
##...oh.#....
####...## #.
#####....#
##.....#....#
#..#####.##..
#####.######.#
##
#)..........
#...........


You could see a scorpion, a hound, an orc and a leopard gecko.

Vanquished Creatures
  A hound (D:3)
  Robin (D:3)
  5 adders
  An ooze (D:2)
  2 worms (D:2)
  4 dart slugs
  2 leopard geckos
  An orc (D:4)
  6 bats
  4 giant cockroaches
  13 goblins
  16 hobgoblins
  2 ball pythons
  4 frilled lizards
  9 kobolds
  7 rats
78 creatures vanquished.

Notes
Turn   | Place    | Note
-------+----------+-------------------------------------------
     0 | D:1      | manyhoops the Palentonga Transmuter began the quest for the
                  | Orb.
     0 | D:1      | Reached XP level 1. HP: 17/17 MP: 3/3
   223 | D:1      | Reached skill level 2 in Fighting
   223 | D:1      | Reached XP level 2. HP: 22/25 MP: 5/5
  1109 | D:1      | Reached XP level 3. HP: 32/32 MP: 6/6
  1110 | D:1      | Reached skill level 3 in Fighting
  1265 | D:2      | Found a hide-covered altar of Uskayaw.
  1718 | D:2      | Reached XP level 4. HP: 39/42 MP: 7/7
  1787 | D:2      | Found an iron altar of Okawaru.
  1856 | D:2      | Reached skill level 4 in Fighting
  2627 | D:3      | Reached XP level 5. HP: 45/50 MP: 8/8
  2692 | D:3      | Found a sacrificial altar of Ru.
  2792 | D:3      | Noticed Robin
  2804 | D:3      | Killed Robin
  2805 | D:3      | Reached skill level 5 in Fighting
  2934 | D:3      | Found a white marble altar of Elyvilon.
  3005 | D:3      | Noticed Sigmund
  3228 | D:3      | Found an ornate altar of the Wu Jian Council.
  3403 | D:4      | Slain by a scorpion

Illustrated notes

Levels and vault maps discovered:
D:1:      roderic_crossed_star, layout_basic
D:2:      layout_loops_ring, general_overflow_altar, lemuel_round_altar,
          kennysheep_boxes
D:3:      layout_basic, kennysheep_ying_yang, nzn_wu_jian_contemplation,
          nicolae_ru_the_path_less_chosen, uniq_sigmund, uniq_robin
D:4:      layout_rooms, serial_glass, glass_columns_b, glass_columns_a

Skill      XL: |  1  2  3  4  5 |
---------------+----------------+-----
Fighting       | 2 3 4 5 |  5.1
Dodging        | |  1.5
Unarmed Combat | |  3.3
Spellcasting   | |  2.0
Transmutations | |  2.0

Action                   |  1- 3 |  4- 6 || total
-------------------------+-------+-------++-------
Melee: Unarmed           |   137 |   139 ||   276
       Tailslap          |    11 |    19 ||    30
       Punch             |     2 |       ||     2
       Headbutt          |     7 |    10 ||    17
       Kick              |     7 |     8 ||    15
 Cast: Beastly Appendage |     6 |     5 ||    11
 Abil: Rolling Charge    |     2 |     1 ||     3
  Use: Scroll            |       |     8 ||     8
       Potion            |       |     2 ||     2
Armor: Robe              |    55 |    50 ||   105
Dodge: Dodged            |    75 |    71 ||   146
